 Dungeon Crawl Stone Soup version 0.31-a0-982-g1816016f30 (webtiles) character file.

Game seed: 2305924430870109432

94 MacCMillion the Shield-Bearer (level 4, -15/38 HPs)
             Began as a Ghoul Fighter on Nov 2, 2023.
             Demolished by a goblin
             ... wielding a +2 dagger of electrocution
             ... led by Robin
              (16 damage)
             ... on level 3 of the Dungeon.
             The game lasted 00:02:11 (1500 turns).

MacCMillion the Shield-Bearer (Ghoul Fighter)       Turns: 1500, Time: 00:02:12

Health: -15/38     AC: 14    Str: 21    XL:     4   Next: 63%
Magic:  3/3        EV:  7    Int:  3    God:
Gold:   100        SH:  4    Dex:  8    Spells: 3/3 levels left

rFire   . . .        a - +0 war axe
rCold   + . .        c - +0 buckler
rNeg    + + +        p - +0 chain mail
rPois   ∞            (no helmet)
rElec   .            l - +0 cloak
rCorr   .            (no gloves)
SInv    .            (no boots)
Will    .....        (no amulet) Stlth
                     k - +4 ring of protection
HPRegen 0.00/turn    (no ring)
MPRegen 0.08/turn

%: no passive effects
@: inhibited regen
A: claws 1, cold resistance 1, negative energy resistance 3, inhibited
regeneration, torment resistance 2, devour on kill
a: no special abilities


You were on level 3 of the Dungeon.
You visited 1 branch of the dungeon, and saw 3 of its levels.

You collected 100 gold pieces.

Inventory:

Hand Weapons
 a - a +0 war axe (weapon)
Missiles
 e - 3 atropa-tipped darts
 q - 3 poisoned darts
Armour
 c - a +0 buckler (worn)
 l - a +0 cloak (worn)
 p - a +0 chain mail (worn)
Jewellery
 k - a +4 ring of protection (left claw)
Scrolls
 b - a scroll of enchant armour {unknown}
 f - 3 scrolls of identify {unknown}
 g - 6 scrolls of teleportation {unknown}
 m - a scroll of amnesia {unknown}
 n - 3 scrolls of fog {unknown}
Potions
 d - a potion of might
 h - a potion of heal wounds {unknown}
 i - a potion of magic {unknown}
 j - 2 potions of haste {unknown}
 o - a potion of invisibility {unknown}


   Skills:
 - Level 3.2 Fighting
 + Level 3.2 Axes
 - Level 2.6 Armour
 + Level 3.8 Shields


You had 3 spell levels left.
You didn't know any spells.
Your spell library contained the following spells:

 Spells                   Type           Power      Damage    Failure   Level
 Passage of Golubria      Tloc           0%         N/A       100%        4
 Silence                  Hex/Air        0%         N/A       100%        5
 Lehudib's Crystal Spear  Conj/Erth      0%         10d2      100%        8


Dungeon Overview and Level Annotations

Branches:
Dungeon (3/15)

Altars:

Shops:
D:2 (


Innate Abilities, Weirdness & Mutations

You are immune to poison.
You have sharp fingernails.
Your flesh is cold resistant. (rC+)
You are immune to negative energy. (rN+++)
You do not regenerate when monsters are visible.
You are immune to unholy pain and torment.
You thrive by killing the living.


Message History

A kobold comes into view. It is wielding a +0 short sword.
The goblin barely misses you. Robin closely misses you.
The goblin hits you but does no damage.
You barely miss the goblin. You barely miss Robin.
Robin throws the goblin at you! The goblin closely misses you. x2
You slash the goblin!
You kill the goblin!
You hit the goblin.
You kill the goblin!
You barely miss Robin. You block Robin's attack.
Robin hits you but does no damage.
You hit Robin.
Robin is heavily wounded.
You block Robin's attack.
You closely miss Robin.
Robin is heavily wounded.
Robin hits you but does no damage.
You barely miss Robin.
Robin is heavily wounded.
Robin roars a battlecry!
The goblins go into a battle-frenzy!
Robin throws the goblin at you! The goblin barely misses you.
You slash Robin!
You kill Robin!
You feel better.
You closely miss the goblin.
A dart slug comes into view.
You block the goblin's attack.
You barely miss the goblin. You hit the goblin.
You kill the goblin!
You feel better. The goblin barely misses you.
The goblin hits you but does no damage. x2; You are electrocuted!
You completely miss the goblin. You barely miss the goblin.
The goblin hits you but does no damage. x2
You closely miss the goblin. You miss the goblin.
The goblin hits you but does no damage. x2; You are electrocuted!
* * * LOW HITPOINT WARNING * * *
You closely miss the goblin. You barely miss the goblin.
The goblin barely misses you. x2; You block the goblin's attack.
The goblin hits you but does no damage.
You are electrocuted!
You die...

#......#............#
#......#............#
#......#............#
#...................#
#...................#
#.......KJw.........#
#....##ggg..........# #.
#....###g#.♣♣._.♣..#####.
#....# #@###.♣♣♣♣###...#.
#....# #)g.#######.....#.
#....# #...............#.
#....###.................
#...................#+#..
#..............)....#.#..
#...........###....##....
###.................#....
#.................#...(


You could see a dart slug, an endoplasm, 3 hobgoblins, 2 goblins and a kobold.

Vanquished Creatures
  Robin (D:3)
  3 adders (D:2)
  2 worms (D:2)
  3 dart slugs (D:1)
  2 orcs (D:3)
  3 bats
  2 endoplasms
  A giant cockroach (D:1)
  6 goblins
  5 hobgoblins
  4 quokkas
  6 ball pythons
  3 frilled lizards
  2 kobolds (D:1)
  3 rats
46 creatures vanquished.

Notes
Turn   | Place    | Note
-------+----------+-------------------------------------------
     0 | D:1      | MacCMillion the Ghoul Fighter began the quest for the Orb.
     0 | D:1      | Reached XP level 1. HP: 19/19 MP: 0/0
   108 | D:1      | Reached XP level 2. HP: 26/26 MP: 1/1
   381 | D:1      | Reached XP level 3. HP: 31/31 MP: 2/2
   941 | D:2      | Found Xarutygri's Weapon Boutique.
  1047 | D:2      | Reached XP level 4. HP: 38/38 MP: 3/3
  1471 | D:3      | Identified the +0 helmet "Zofos" {rC+ Will+}
  1471 | D:3      | Noticed Robin
  1496 | D:3      | Killed Robin
  1499 | D:3      | HP: 1/38 [goblin/+2 dagger of electrocution[Robin] (17)]
  1500 | D:3      | Demolished by a goblin

Illustrated notes

Levels and vault maps discovered:
D:1:      sevenhm_arrival_forest_fort_small_6, layout_basic
D:2:      layout_loops_cross, serial_shops, nicolae_shop_tiny_real_fake_doors
D:3:      layout_basic, zin_academy, minmay_joined_circles, uniq_robin,
          uniq_ijyb

Skill      XL: |  1  2  3  4 |
---------------+-------------+-----
Axes           | 2 3 |  3.2
Shields        | 3 |  3.8
Fighting       | |  3.2
Armour         | |  2.6

Action                     |  1- 3 |  4- 6 || total
---------------------------+-------+-------++-------
  Melee: War axe           |    86 |    52 ||   138
 Armour: Scale mail        |    48 |       ||    48
         Chain mail        |       |    44 ||    44
  Dodge: Dodged            |    45 |    27 ||    72
  Block: Buckler           |    13 |    16 ||    29

Table legend: (Time is in decaauts)
 A = Elapsed time spent in this place.
 B = Non-inter-level travel time spent in this place.
 C = Inter-level travel time spent in this place.
 D = Time resting spent in this place.
 E = Time spent auto-exploring this place.
 F = Levels seen in this place.
 G = Mean time per level.
                   A        B        C        D        E       F      G
               +--------+--------+--------+--------+--------+-----+--------+
         Total |   1554 |   1486 |     68 |      0 |   1111 |   3 |  518.0 |
       Dungeon |   1554 |   1486 |     68 |      0 |   1111 |   3 |  518.0 |
               +--------+--------+--------+--------+--------+-----+--------+

Top non-repeatable levels by time:
     D:1: 741 daAuts
     D:2: 695 daAuts
     D:3: 117 daAuts
